 Dungeon Crawl Stone Soup version 0.14-a0-1254-g249fea6 (webtiles) character file.

231 Jenx the Firebug (level 4, -5/24 HPs)
             Began as a Deep Elf Fire Elementalist on Dec 2, 2013.
             Slain by a killer bee (8 damage)
             ... on Level 3 of the Dungeon.
             The game lasted 00:08:48 (2932 turns).

Jenx the Firebug (Deep Elf Fire Elementalist)       Turns: 2932, Time: 00:08:48

HP  -5/24        AC  4     Str  5      XL: 4   Next: 13%
MP  10/13        EV 13     Int 21      God:
Gold 154         SH  0     Dex 15      Spells:  3 memorised,  3 levels left

rFire  . . .     SeeInvis .     a - -2,+0 spear (curse)
rCold  . . .     Clarity  .     h - +0 elf robe
rNeg   . . .     Conserve .     (no shield)
rPois  .         rCorr    .     (no helmet)
rElec  .         rRot     .     g - +1 cloak
SustAb . .       Spirit   .     (no gloves)
rMut   .         Warding  .     (no boots)
Saprov . . .     Stasis   .     (no amulet)
                                (no ring)
                                (no ring)

@: mildly poisoned, slightly resistant to hostile enchantments, fairly stealthy
A: no striking features
a: no special abilities


You were on level 3 of the Dungeon.
You were not hungry.

You visited 1 branch of the dungeon, and saw 3 of its levels.

You collected 154 gold pieces.

Inventory:

Hand weapons
 a - a cursed -2,+0 spear (weapon)
 b - a +2,+1 sling of velocity (quivered)
Missiles
 m - 21 stones
 r - 13 sling bullets
Armour
 g - a +1 cloak (worn)
 h - a +0 elven robe (worn)
Comestibles
 c - 3 bread rations
 s - 3 rotting chunks of gnoll flesh
Scrolls
 q - a scroll of enchant armour
Potions
 d - 4 potions of curing
 e - a potion of invisibility {unknown}
 i - a potion of paralysis {unknown}
 j - 2 potions of speed {unknown}
 k - a potion of mutation {unknown}
 l - a potion of brilliance {unknown}
 n - a potion of might {unknown}
 o - a potion of cure mutation {unknown}
Books
 f - a book of Flames

   Spells                             Type                      Level
   *Flame Tongue                      Conjuration/Fire             1
   *Throw Flame                       Conjuration/Fire             2
   *Conjure Flame                     Conjuration/Fire             3
   Inner Flame                        Hexes/Fire                   3
   Sticky Flame                       Conjuration/Fire             4
   Fireball                           Conjuration/Fire             5


   Skills:
 - Level 2.4 Dodging
 - Level 2.4 Stealth
 - Level 3.0 Spellcasting
 * Level 2.1 Conjurations
 - Level 5.1 Fire Magic


You had 3 spell levels left.
You knew the following spells:

 Your Spells              Type           Power        Failure   Level  Hunger
a - Flame Tongue          Conj/Fire      ###..        3%          1    None
b - Throw Flame           Conj/Fire      ###...       6%          2    ##.....
c - Conjure Flame         Conj/Fire      ###.....     12%         3    ###....


Dungeon Overview and Level Annotations

Branches:
Dungeon (3/16)

Altars:


Message History

The flame misses the killer bee.
The killer bee completely misses you. The killer bee misses you.
A killer bee comes into view.
The killer bee buzzes angrily.
The killer bee stings you!
You are poisoned.
The killer bee poisons you! The killer bee stings you.
The killer bee closely misses you.
The killer bee buzzes angrily.
The killer bee stings you but does no damage.
The killer bee closely misses you. The killer bee completely misses you.
The killer bee barely misses you.
You feel sick. The killer bee stings you.
You feel sick.
You feel sick. The killer bee barely misses you. The killer bee misses you.
You see here a giant newt skeleton.
The killer bee stings you.
* * * LOW HITPOINT WARNING * * *
The killer bee stings you!
You die...

.........%##...#..#
###.######)
##.......###...#o.#.
#........#. ##...##.#
#...#..#. #.#.####.#.
#...##.# #...#..#.
#.#....# #. #...##.
##+##k.#. #.####.# #.
######.
#.##k.#.#.#.####.# ##
#. #...k.#.#........#
#. ####kk#.###.#....#
.#######@.#.....#.##.#
................#.##.#
########..........##.#
#.#.####.####.#
#.#......# #..
#.#####..# ###### #.#
#.)# #.. #.# #..# #.#
#.# #..# #.#


You could see 5 killer bees and an orc.

Vanquished Creatures
  4 gnolls (D:3)
  An ooze (D:3)
  5 bats
  6 hobgoblins
  5 kobolds
  A quokka (D:3)
  3 giant newts
  4 goblins
  3 jackals (D:2)
  6 rats
38 creatures vanquished.

Notes
Turn   | Place    | Note
--------------------------------------------------------------
     0 | D:1      | Jenx, the Deep Elf Fire Elementalist, began the quest for the Orb.
     0 | D:1      | Reached XP level 1. HP: 10/10 MP: 5/5
   453 | D:1      | Reached XP level 2. HP: 12/15 MP: 4/8
   457 | D:1      | Learned a level 2 spell: Throw Flame
  1599 | D:2      | Reached skill level 4 in Fire Magic
  2040 | D:3      | Reached XP level 3. HP: 3/19 MP: 5/10
  2250 | D:3      | Learned a level 3 spell: Conjure Flame
  2575 | D:3      | Reached skill level 5 in Fire Magic
  2575 | D:3      | Reached XP level 4. HP: 12/24 MP: 2/13
  2908 | D:3      | Noticed a killer bee
  2915 | D:3      | Noticed a killer bee
  2916 | D:3      | Noticed a killer bee
  2916 | D:3      | Noticed a killer bee
  2919 | D:3      | Noticed a killer bee
  2932 | D:3      | Slain by a killer bee

Action                   |  1- 3 |  4- 6 || total
-------------------------+-------+-------++-------
Melee: Unarmed           |     3 |       ||     3
       Dagger            |     5 |       ||     5
       Spear             |     3 |     4 ||     7
 Fire: Sling             |    23 |       ||    23
 Cast: Flame Tongue      |    47 |    13 ||    60
       Conjure Flame     |     2 |       ||     2
       Throw Flame       |     1 |     2 ||     3
  Use: Scroll            |     5 |     2 ||     7
 Stab: Sleeping          |     2 |       ||     2
